 Dungeon Crawl Stone Soup version 0.30-a0-639-g3916f1956a (webtiles) character file.

Game seed: 4793734923439879697

25 bande the Trooper (level 3, -1/24 HPs)
             Began as a Gargoyle Fighter on Jan 16, 2023.
             Slain by Terence
             ... wielding a +0 flail
              (8 damage)
             ... on level 2 of the Dungeon.
             The game lasted 00:00:59 (704 turns).

bande the Trooper (Gargoyle Fighter)                 Turns: 704, Time: 00:00:59

Health: -1/24      AC: 10    Str: 19    XL:     3   Next: 6%
Magic:  3/3        EV:  9    Int:  8    God:
Gold:   111        SH:  0    Dex: 11    Spells: 2/2 levels left

rFire   . . .      SeeInvis .    a - +0 war axe
rCold   . . .      Faith    .    c - +0 buckler
rNeg    + . .      Spirit   .    b - +0 scale mail
rPois   ∞          Reflect  .    (no helmet)
rElec   +          Harm     .    (no cloak)
rCorr   .          Rampage  .    (no gloves)
Will    .....                    (no boots) Stlth
                                 (no amulet)
HPRegen 0.24/turn                (no ring)
MPRegen 0.08/turn                (no ring)

@: confused, mighty
A: sickness immunity, AC +3, negative energy resistance 1, electricity
resistance, torment resistance 1, petrification resistance
a: no special abilities


You were on level 2 of the Dungeon.
You visited 1 branch of the dungeon, and saw 2 of its levels.

You collected 111 gold pieces.

Inventory:

Hand Weapons
 a - a +0 war axe (weapon)
Armour
 b - a +0 scale mail (worn)
 c - a +0 buckler (worn)
Jewellery
 h - an amulet of faith
Scrolls
 e - 4 scrolls of identify {unknown}
 g - a scroll of poison {unknown}
 j - a scroll of teleportation {unknown}
 k - a scroll of noise {unknown}
Potions
 d - a potion of might
 f - a potion of cancellation {unknown}
 i - a potion of curing {unknown}


   Skills:
 + Level 3.7 Fighting
 + Level 2.0 Axes
 + Level 3.6 Armour
 + Level 3.7 Shields


You had 2 spell levels left.
You didn't know any spells.
Your spell library was empty.

Dungeon Overview and Level Annotations

Branches:
Dungeon (2/15)

Altars:

Annotations:
D:2 Terence


Innate Abilities, Weirdness & Mutations

You are immune to sickness and miasma.
Your stone body is resilient. (AC +3)
You are immune to poison.
You resist negative energy. (rN+)
You are resistant to electric shocks. (rElec)
You are resistant to unholy torment.
You are immune to petrification.


Message History

No target in view!
No target in view!
No target in view!
No target in view!
e - 4 scrolls labelled JIOWNE DOUS (gained 1)
Found 5 stones.
You now have 95 gold pieces (gained 7).
k - a scroll labelled ANAMEH SOLO No target in view!
No target in view!
You now have 111 gold pieces (gained 16).
Terence the Incautious comes into view.
He is wielding a +0 flail and carrying a wand of light (7).
Found a stone staircase leading up.
Terence shouts!
Terence is nearby!
Terence barely misses you.
You hit Terence.
Terence is moderately wounded.
Terence hits you with a +0 flail. x2
You barely miss Terence.
Terence is moderately wounded.
Terence asks, "Do you want it fast or slow?"
Terence zaps a wand.
The bolt of light hits you.
You are confused.
You are too injured to fight recklessly!
You are too injured to fight recklessly!
You are too injured to fight recklessly!
You are too injured to fight recklessly!
You are too injured to fight recklessly!
You are too injured to fight recklessly!
You are too injured to fight recklessly!
You are too injured to fight recklessly!
You are too injured to fight recklessly!
You closely miss Terence.
Terence is moderately wounded.
Terence closely misses you. Terence hits you with a +0 flail.
* * * LOW HITPOINT WARNING * * *
You feel very mighty all of a sudden. Terence hits you with a +0 flail!
You die...

##########>..#.#
#..............#
#.########...### #.#
##.## #.# #.# #.# #.#
#.# #.# #@# #.# #@# #.#
#######.### #.#
..<.......#######.#####
.#####................#
#....#######.###.#
#####.#######.# #.#
#.............# #.#
#.###.######..# #.# #.#
#.# #..###.#


You could see Terence.

Vanquished Creatures
  3 bats
  4 endoplasms
  5 giant cockroaches (D:1)
  A quokka (D:1)
  4 ball pythons
  3 goblins (D:1)
  A kobold (D:1)
  A rat (D:1)
22 creatures vanquished.

Notes
Turn   | Place    | Note
-------+----------+-------------------------------------------
     0 | D:1      | bande the Gargoyle Fighter began the quest for the Orb.
     0 | D:1      | Reached XP level 1. HP: 14/14 MP: 1/1
   119 | D:1      | Reached XP level 2. HP: 19/19 MP: 2/2
   544 | D:2      | Reached XP level 3. HP: 24/24 MP: 3/3
   697 | D:2      | Noticed Terence
   704 | D:2      | Slain by Terence

Illustrated notes

Levels and vault maps discovered:
D:1:      saegor_arrival_simple_c, layout_rooms, minmay_misc_feat_chi,
          chequers_serial_rivers_micro_e
D:2:      layout_loops_ring, kennysheep_generic_room_7, uniq_terence

Skill      XL: |  1  2 |
---------------+-------+-----
Axes           | 2 |  2.0
Fighting       | |  3.7
Armour         | |  3.6
Shields        | |  3.7

Action                   || total
-------------------------++-------
Melee: War axe           ||    49
  Use: Potion            ||     1
Armor: Scale mail        ||    26
Dodge: Dodged            ||    28
Block: Buckler           ||     9

Table legend: (Time is in decaauts)
 A = Elapsed time spent in this place.
 B = Non-inter-level travel time spent in this place.
 C = Inter-level travel time spent in this place.
 D = Time resting spent in this place.
 E = Time spent auto-exploring this place.
 F = Levels seen in this place.
 G = Mean time per level.
                   A        B        C        D        E       F      G
               +--------+--------+--------+--------+--------+-----+--------+
         Total |    725 |    690 |     35 |      0 |    531 |   2 |  362.5 |
       Dungeon |    725 |    690 |     35 |      0 |    531 |   2 |  362.5 |
               +--------+--------+--------+--------+--------+-----+--------+

Top non-repeatable levels by time:
     D:1: 535 daAuts
     D:2: 189 daAuts
